Map: Backwater LE

Players

BattleTank

  • Race: Protoss Protoss
  • League: Silver
  • Spawn Location: 5:00

fruitcake - Winner!

  • Race: Protoss Protoss
  • Spawn Location: 11:00

VOD

Have the link to the VOD?

Description

Time

  • Played on: May 8, 2018, 3:29 p.m.
  • Length: 14:37
Show
View Real Time Build Order
Export as new Build Order

BattleTank Protoss 

Build Orders:  

Get SALT Encoding   

  12  0:23  Probe  
  13  0:30  Pylon  
  13  0:51  Gateway, Probe  
  13  0:55  Gateway  
  14  1:28  Probe  
  14  1:30  Assimilator  
  15  1:35  Pylon  
  15  1:38  Forge  
  15  1:44  Probe  
  15  1:46  Zealot, Cybernetics Core  
  15  1:47  Zealot  
  19  1:53  Probe  
  21  2:03  Probe  
  21  2:05  Assimilator  
  22  2:18  Photon Cannon  
  22  2:24  Probe  
  23  2:31  Warp Gate  
  23  2:33  Gateway, Probe  
  23  2:42  Probe  
  25  3:00  Robotics Facility  
  25  3:06  Stalker  
  27  3:23  Stalker  
  29  3:29  Pylon  
  29  3:42  Observer  
  29  3:46  Probe  
  31  4:04  Stargate  
  31  4:07  Pylon  
  31  4:21  Probe  
  32  4:28  Nexus  
  32  5:00  Stalker x3  
  38  5:08  Phoenix  
  40  5:22  Probe  
  41  5:29  Photon Cannon  
  41  5:30  Photon Cannon  
  41  5:34  Probe  
  44  5:41  Twilight Council  
  44  5:49  Fleet Beacon  
  42  5:50  Probe  
  43  6:32  Oracle, Probe x2  
  45  6:39  Pylon  
  45  6:42  Pylon  
  45  6:44  Probe  
  49  6:51  Probe  
  49  6:53  Probe  
  49  6:59  Oracle, Probe  
  49  7:01  Assimilator, Probe  
  51  7:06  Assimilator  
  53  7:09  Probe  
  53  7:11  Charge  
  57  7:35  Probe x2  
  59  7:42  Nexus  
  59  7:47  Probe x2  
  59  7:49  Pylon  
  61  8:02  Robotics Bay  
  61  8:13  Probe  
  61  8:15  Probe  
  61  8:18  Photon Cannon  
  63  8:20  Photon Cannon  
  63  8:22  Photon Cannon  
  63  8:28  Photon Cannon  
  63  8:31  Photon Cannon  
  63  8:42  Dark Shrine  
  63  8:51  Stargate  
  63  8:52  Disruptor  
  63  8:54  Stargate  
  66  9:00  Zealot  
  66  9:01  Zealot  
  70  9:03  Probe  
  70  9:04  Probe x2  
  73  9:18  Assimilator  
  73  9:28  Immortal  
  77  9:52  Probe  
  78  9:53  Void Ray, Probe x2  
  78  9:54  Void Ray x2  
  78  9:55  Assimilator  
  80  10:04  Probe  
  93  10:21  Dark Templar x2  
  93  10:23  Dark Templar  
  99  11:06  Pylon  
  99  11:09  Pylon  
  99  11:12  Pylon, Probe x2  
  99  11:14  Void Ray, Pylon  
  99  11:17  Void Ray x2, Pylon  
  101  11:24  Probe  
  114  11:43  Stargate  
  114  11:49  Immortal  
  118  11:57  Templar Archives, Void Ray  
  118  11:58  Shadow Stride  
  118  12:00  Void Ray x2, Archon  
  130  12:29  Immortal  
  134  12:37  High Templar x3  
  134  12:41  Photon Cannon  
  137  12:48  Pylon  
  137  12:51  Pylon  
  137  12:56  Carrier  
  137  12:57  Probe x3  
  140  12:58  Void Ray  
  140  13:09  Probe x2  
  152  13:19  Void Ray  
  156  13:51  Pylon, Nexus  
  156  13:55  Pylon  
  156  13:56  Archon  
  117  14:21  Dark Templar x2  
Show
View Real Time Build Order
Export as new Build Order

fruitcake Protoss - Winner!

Build Orders:  

Get SALT Encoding   

  1  0:00  Probe  
  12  0:06  Probe  
  14  0:18  Pylon  
  14  0:21  Probe  
  15  0:29  Assimilator  
  15  0:36  Probe  
  16  0:43  Gateway  
  16  0:48  Probe  
  17  1:01  Probe  
  18  1:09  Probe  
  18  1:15  Gateway  
  18  1:17  Assimilator  
  19  1:30  Pylon  
  19  1:32  Zealot  
  21  1:39  Probe  
  22  1:50  Forge  
  22  1:51  Probe  
  23  1:58  Zealot  
  23  1:59  Zealot  
  27  2:12  Cybernetics Core  
  27  2:14  Probe  
  28  2:26  Probe  
  28  2:27  Zealot  
  31  2:51  Pylon  
  31  2:52  Pylon  
  31  2:55  Protoss Ground Weapons Level 1  
  31  2:57  Warp Gate  
  31  3:04  Zealot  
  33  3:26  Stalker  
  33  3:33  Nexus  
  35  3:46  Pylon  
  35  3:48  Adept  
  37  3:50  Pylon  
  37  4:05  Probe  
  38  4:17  Stargate, Probe  
  38  4:21  Robotics Facility, Protoss Ground Armor Level 1  
  39  4:26  Adept  
  39  4:29  Adept  
  43  4:40  Assimilator  
  43  4:44  Assimilator, Probe  
  44  5:05  Twilight Council  
  44  5:08  Pylon  
  44  5:14  Adept  
  46  5:18  Probe  
  46  5:19  Probe  
  48  5:30  Probe  
  48  5:33  Oracle  
  53  5:35  Observer  
  53  5:38  Probe  
  53  5:42  Probe  
  55  5:46  Templar Archives  
  55  5:50  Probe  
  55  5:54  Probe  
  57  6:02  Probe  
  58  6:04  Stalker  
  58  6:06  Probe  
  61  6:14  Probe  
  61  6:16  Pylon  
  63  6:18  Probe  
  63  6:20  Psionic Storm  
  63  6:21  Observer  
  64  6:25  Void Ray  
  64  6:26  Probe  
  64  6:32  Probe  
  70  6:39  Probe  
  71  6:44  Probe  
  72  6:51  Probe  
  73  6:59  Gateway  
  73  7:00  Gateway  
  73  7:04  Gateway  
  73  7:08  Probe x2  
  75  7:13  High Templar x2  
  79  7:20  Probe x2  
  81  7:35  Immortal  
  81  7:36  Protoss Ground Weapons Level 2  
  85  7:45  Pylon  
  85  7:52  High Templar x2  
  85  7:54  Pylon  
  85  7:56  Nexus  
  89  8:01  Archon  
  89  8:08  Probe x2  
  91  8:25  Probe  
  92  8:28  High Templar  
  92  8:29  High Templar  
  92  8:30  Zealot x2  
  92  8:33  Assimilator  
  100  8:40  Assimilator  
  100  8:44  Void Ray, Shield Battery  
  100  8:47  Shield Battery  
  104  8:48  Zealot  
  106  8:59  Gateway  
  106  9:00  Probe  
  106  9:02  Probe  
  108  9:04  Gateway  
  108  9:07  Probe  
  108  9:08  Probe  
  108  9:10  Gateway  
  108  9:14  Probe  
  108  9:15  Probe  
  108  9:17  Probe  
  111  9:18  High Templar x2  
  111  9:21  Zealot  
  119  9:25  Probe  
  119  9:26  Probe  
  119  9:29  Probe  
  122  9:33  Immortal  
  122  9:37  Probe  
  119  9:38  Probe  
  119  9:41  Probe  
  117  10:00  Photon Cannon  
  117  10:03  Photon Cannon  
  117  10:05  Photon Cannon  
  117  10:06  Probe x3  
  120  10:08  Pylon  
  120  10:09  Photon Cannon  
  120  10:13  Photon Cannon  
  120  10:16  Photon Cannon  
  120  10:19  Pylon  
  120  10:22  Archon  
  120  10:24  Pylon  
  120  10:30  Protoss Ground Weapons Level 3  
  116  10:45  Photon Cannon  
  105  11:06  Photon Cannon  
  105  11:09  Photon Cannon x2  
  105  11:11  Photon Cannon, Probe x3  
  107  11:12  Photon Cannon  
  108  11:23  Probe x2  
  110  11:34  High Templar  
  110  11:35  High Templar x6  
  124  11:40  Phoenix, Immortal  
  130  11:54  Archon x2  
  130  11:55  Archon  
  130  12:03  Phoenix  
  132  12:19  Warp Prism  
  134  12:25  High Templar x6  
  134  12:26  High Templar  
  148  12:47  Pylon  
  148  12:49  Observer  
  148  12:51  Pylon x2  
  148  12:53  Pylon x2  
  148  12:55  Photon Cannon  
  148  12:57  Phoenix  
  149  13:02  Pylon  
  151  13:08  Archon x2  
  151  13:12  High Templar  
  153  13:13  High Templar  
  153  13:14  High Templar x3  
  161  13:22  Archon x2  
  161  13:23  Archon  
  161  13:24  Archon  
  161  13:29  Stalker x2  
  161  14:15  Archon  
  135  14:26  Stalker x3  
  135  14:27  Stalker x3  
  135  14:28  Stalker  
Tags
 
League
Silver
Matchup
PvP
Spawn Locations
Cross Positions
Add a new tag
Caveats
  • Supply blocks, unpowered buildings, or Contaminate may cause inaccurate times.
  • Supply counts are checked every 10 seconds.